 Dungeon Crawl Stone Soup version 0.18.1-48-g4cf74bf (webtiles) character file.

30 OTRawrior the Digger (level 3, -2/19 HPs)
             Began as a Gargoyle Earth Elementalist on Aug 14, 2016.
             Killed from afar by Natasha (3 damage)
             ... with a magic dart
             ... on level 2 of the Dungeon.
             The game lasted 00:02:25 (747 turns).

OTRawrior the Digger (Gargoyle Earth Elementalist)   Turns: 747, Time: 00:02:26

Health: -2/19      AC:  5    Str: 11    XL:     3   Next: 18%
Magic:  0/7        EV: 12    Int: 16    God:
Gold:   17         SH:  0    Dex: 10    Spells: 2 memorised, 4 levels left

rFire  + . .     SeeInvis .     g - +0 dagger
rCold  . . .     Gourm    .     a - +0 robe
rNeg   + . .     Faith    .     (no shield)
rPois  ∞         Spirit   .     (no helmet)
rElec  +         Dismiss  .     (no cloak)
rCorr  .         Reflect  .     (no gloves)
SustAt .         Harm     .     (no boots)
MR     .....                    (no amulet)
Stlth  ++........               (no ring)
                                m - ring of protection from fire

@: not resistant to hostile enchantments, unstealthy
A: negative energy resistance 1, electricity resistance, unbreathing,
petrification resistance, rot immunity, AC +3
a: no special abilities


You were on level 2 of the Dungeon.
You were not hungry.

You visited 1 branch of the dungeon, and saw 2 of its levels.

You collected 17 gold pieces.

Inventory:

Hand Weapons
 g - a +0 dagger (weapon)
Missiles
 b - 36 stones (quivered)
Armour
 a - a +0 robe (worn)
Jewellery
 m - a ring of protection from fire (left hand)
Scrolls
 h - a scroll of remove curse {unknown}
 j - a scroll of identify {unknown}
 k - a scroll of teleportation {unknown}
 l - 2 scrolls of immolation {unknown}
Potions
 e - a potion of lignification {unknown}
 n - a potion of cure mutation {unknown}
Books
 c - a book of Geomancy

   Spells                             Type                      Level
   a - Sandblast                      Earth                        1
   b - Passwall                       Transmutation/Earth          2
   c - Stone Arrow                    Conjuration/Earth            3
   d - Petrify                        Transmutation/Earth          4
   e - Lee's Rapid Deconstruction     Earth                        5
Comestibles
 d - a bread ration
 f - 3 chunks of flesh
 i - 5 fruits


   Skills:
 - Level 1.5 Dodging
 - Level 2.1 Stealth
 * Level 3.0 Spellcasting
   Level 0.7 Transmutations
 + Level 4.1 Earth Magic


You had 4 spell levels left.
You knew the following spells:

 Your Spells              Type           Power        Failure   Level  Hunger
a - Sandblast             Erth           ###...       4%          1    #......
b - Stone Arrow           Conj/Erth      #.....       28%         3    ###....


Dungeon Overview and Level Annotations

Branches:
Dungeon (2/15)

Altars:

Annotations:
D:2 Natasha


Innate Abilities, Weirdness & Mutations

You are resistant to torment.
Your stone body is resilient (AC +3).
You are immune to poison.
You resist negative energy.
You are resistant to electric shocks.
You can survive without breathing.
You are immune to petrification.
You are immune to rotting.


Message History

Natasha is severely wounded.
Natasha closely misses you.
Casting: Sandblast
Confirm with . or Enter, or press ? or * to list all spells.
You don't have enough magic to cast that spell.
Unknown command.
You hit Natasha but do no damage.
Natasha is severely wounded.
Natasha claws you.
You barely miss Natasha.
Natasha is severely wounded.
Natasha stares at you and mumbles some strange words.
The magic dart hits you!
Ouch! That really hurt!
* * * LOW HITPOINT WARNING * * *
You closely miss Natasha.
Natasha is severely wounded.
Natasha casts a spell at you. The magic dart hits you!
You die...

# #. #.##
...######
#......
###.##...#
......h@.#
##....#.##
##....#
#.#####
..##.###.....#
............#
..#.###.....#
........####
##...##.##
#..###..#


You could see Natasha.

Vanquished Creatures
  An adder (D:2)
  An ooze (D:1)
  2 giant cockroaches
  2 goblins (D:1)
  2 hobgoblins (D:1)
  A ball python (D:1)
  4 bats
  2 giant newts (D:1)
  A kobold (D:1)
  A rat (D:1)
17 creatures vanquished.

Notes
Turn   | Place    | Note
--------------------------------------------------------------
     0 | D:1      | OTRawrior the Gargoyle Earth Elementalist began the quest for the Orb.
     0 | D:1      | Reached XP level 1. HP: 10/10 MP: 3/3
   285 | D:1      | Reached XP level 2. HP: 15/15 MP: 3/5
   630 | D:2      | Reached skill level 4 in Earth Magic
   660 | D:2      | Reached XP level 3. HP: 14/19 MP: 2/7
   665 | D:2      | Learned a level 3 spell: Stone Arrow
   738 | D:2      | Noticed Natasha
   747 | D:2      | Killed from afar by Natasha

Skill      XL: |  1  2 |
---------------+-------+-----
Earth Magic    | 4 |  4.1
Spellcasting   | 3 |  3.0
Dodging        | |  1.5
Stealth        | |  2.1
Transmutations | |  0.7

Action                   || total
-------------------------++-------
Melee: Dagger            ||    10
 Cast: Sandblast         ||    32
       Stone Arrow       ||     1
Armor: Robe              ||     9
Dodge: Dodged            ||    12
